 Dungeon Crawl Stone Soup version 0.29.1-1-gd02db6906a (webtiles) character file.

Game seed: 9201247990169939754

5623 dragoon the Fighter (level 11, -13/126 HPs)
             Began as a Djinni Transmuter on Sept 15, 2022.
             Was a Believer of Wu Jian.
             Mangled by a warg (15 damage)
             ... led by an orc high priest
             ... on level 1 of the Orcish Mines.
             The game lasted 00:56:06 (9062 turns).

dragoon the Fighter (Djinni Transmuter)             Turns: 9062, Time: 00:56:06

Health: -13/126    AC:  2    Str: 13    XL:     11   Next: 3%
Gold:   561        EV: 27    Int: 14    God:    Wu Jian [**....] SH:  0 Dex: 20

rFire   . . .      SeeInvis +     - Unarmed
rCold   + . .      Faith    .   (shield currently unavailable)
rNeg    . . .      Spirit   .   (body armour currently unavailable)
rPois   ∞          Reflect  .   (helmet currently unavailable)
rElec   .          Harm     .   (cloak currently unavailable)
rCorr   .          Rampage  .   (gloves currently unavailable)
Will    +....                   (boots unavailable)
Stlth   ..........              (no amulet)
HPRegen 0.31/turn               l - ring of see invisible
MPRegen 0.00/turn               c - ring of protection from cold

@: mighty, berserking, spider-form (expiring), wereblooded, attractive, flying,
studying Fighting, very quick
A: venomous fangs, flying, sickness immunity, tiny, (fire resistance 2), (cold
vulnerability 1), float, innate caster, HP casting, extra vitality 1
a: End Transformation, Renounce Religion, Wall Jump


You were on level 1 of the Orcish Mines.
You worshipped Wu Jian.
Wu Jian was pleased with you.
You were a venomous arachnid creature.
You visited 3 branches of the dungeon, and saw 11 of its levels.

You collected 561 gold pieces.

Inventory:

Hand Weapons
 E - a +2 sling of freezing
Missiles
 q - 27 poisoned darts
 s - 3 javelins
 G - 2 throwing nets
Armour
 a - a +0 robe
 k - an orb of light (melded)
 o - the +1 leather armour "Homynam" (melded) {Regen+ Dex+2}
   (You found it on level 2 of the Dungeon)

   Dex:       It affects your dexterity (+2).
   Regen:     It increases your rate of health regeneration.
 F - a +1 ring mail of fire resistance
Jewellery
 c - a ring of protection from cold (right front leg)
 l - a ring of see invisible (left front leg)
Wands
 x - a wand of acid (3)
Scrolls
 b - a scroll of magic mapping
 e - a scroll of noise {unknown}
 j - a scroll of brand weapon {unknown}
 m - a scroll of silence {unknown}
 n - a scroll of blinking
 p - a scroll of summoning {unknown}
 t - a scroll of poison {unknown}
 w - a scroll of immolation {unknown}
 y - 2 scrolls of teleportation {unknown}
 C - 2 scrolls of enchant armour {unknown}
 H - a scroll of fear {unknown}
Potions
 d - 2 potions of invisibility {unknown}
 f - a potion of berserk rage
 g - 2 potions of resistance
 h - 2 potions of curing
 r - 2 potions of magic {unknown}
 u - 2 potions of brilliance
 v - 3 potions of haste {unknown}
 A - a potion of heal wounds {unknown}
 B - a potion of flight {unknown}
 D - a potion of degeneration {unknown}


   Skills:
 + Level 9.6 Fighting
 - Level 2.0 Throwing
 - Level 2.0 Armour
 + Level 8.6 Dodging
 + Level 1.2 Stealth
 + Level 8.3 Unarmed Combat
 + Level 6.0 Spellcasting


You couldn't memorise any spells.
You knew the following spells:

 Your Spells              Type           Power      Damage    Failure   Level
a - Beastly Appendage     Tmut           42%        N/A       6%          1
b - Wereblood             Tmut           21%        N/A       8%          2
c - Spider Form           Tmut/Pois      21%        N/A       12%         3
d - Ice Form              Ice/Tmut       21%        N/A       30%         4
e - Summon Small Mammal   Summ           84%        N/A       6%          1
f - Static Discharge      Conj/Air       21%        3-6/arc   8%          2
g - Passwall              Tmut/Erth      17%        N/A       8%          2
h - Stone Arrow           Conj/Erth      42%        3d9       12%         3
i - Silence               Hex/Air        10%        N/A       56%         5
Your spell library was empty.

Dungeon Overview and Level Annotations

Branches:
Dungeon (9/15)             Temple (1/1) D:7             Orc (1/2) D:9
   Lair: D:8-11

Altars:
Ashenzari
Cheibriados
Dithmenos
Elyvilon
Fedhas
Gozag
Hepliaklqana
Makhleb
Nemelex Xobeh
Okawaru
Qazlal
Ru
Uskayaw
Wu Jian
Xom
Yredelemnul
Zin
The Shining One

Shops:
D:1 [*   D:7 *

Annotations:
D:3 exclusion: downstairs
D:6 exclusion: 2 downstairs
D:7 exclusion: downstairs
D:8 exclusion: 2 downstairs
D:9 1 runed translucent door, greasedhog's ghost, journeyman GrCA


Innate Abilities, Weirdness & Mutations

You are a venomous arachnid creature.
You have poisonous fangs.
You are tiny and dextrous.
You are flying.
Your spellcasting is less reliable in this form.
Your armour is entirely melded.
You are incapable of wielding weapons or throwing items.
You are immune to sickness and miasma.
You are immune to poison.
((Your flesh is very heat resistant. (rF++)))
((You are vulnerable to cold. (rC-)))
You float through the air rather than walking.
You learn spells naturally, not from books.
Your magical power is your life essence.
You have superior vitality. (+4 MHP)


Message History

An orc warrior comes into view. It is wielding a +0 long sword.
The orc warrior closely misses you.
The orc high priest completely misses you.
The orc warrior shouts!
The orc warrior is attracted toward you.
Training target 2.0 for Throwing reached!
Your Throwing skill increases to level 2!
Unknown command.
You are too berserk!
Unknown command.
You barely miss the orc warrior.
The orc warrior is almost dead.
You hear a shout!
The orc completely misses you.
An orc priest comes into view. It is wielding a +0 hand axe.
The orc completely misses you. The orc warrior barely misses you.
The orc high priest hits you from afar with a +0 trident!
* * * LOW HITPOINT WARNING * * *
An orc comes into view. It is wielding a +0 short sword.
The orc warrior is attracted toward you.
The orc is attracted toward you. The orc priest is attracted toward you.
Unknown command.
Unknown command.
Okay, then.
Unknown command.
The orc priest shouts!
You bite the orc priest!
The orc priest is poisoned.
The orc priest is severely wounded.
You hear a shout!
The orc is attracted toward you. The orc priest is attracted toward you.
Unknown command.
Unknown command.
Unknown command.
You bite the orc priest!
You feel a bit better.
You kill the orc priest!
The Council accepts your kill.
You hiss as the wereblood boils in your veins!
You hear a shout!
The warg bites you!
You die...

......### #.....)).........
.....#..###......)...§.....
.........###...#.).........
.###.#....#...†.....§......
..###..#...........o.......
...#.........#§o##.....§...
#.###..........o.o.§o§.....
### #..........hoooo.§...$.
#...........oso.........
..#............).........
..............#..........
........................
................ .......
....... ....... .......
....... .......


You could see an orc knight (poisoned), an orc high priest (strong), a warg, 3
orc warriors, an orc priest, an orc wizard (strong, invisible) and 4 orcs.

Vanquished Creatures
  A two-headed ogre (D:9)
  Joseph (D:8)
  A troll (Orc:1)
  Eustachio (D:6)
  A wraith (D:9)
  A yak (D:5)
  Menkaure (D:5)
  3 steam dragons
  A warg (Orc:1)
  2 water moccasins (D:5)
  5 orc warriors
  An ice beast (D:5)
  2 black bears
  A sky beast (D:6)
  4 ogres
  3 centaurs
  A phantom (D:5)
  A kobold brigand (D:9)
  2 necrophages
  3 bullfrogs
  2 scorpions
  8 killer bees
  A howler monkey (D:5)
  4 hounds
  A gnoll bouda (D:8)
  10 orc priests
  An iguana (D:6)
  6 orc wizards
  6 gnolls
  7 adders
  2 shadow imps
  2 white imps
  2 ufetubi
  3 worms
  38 orcs
  2 ball pythons (D:2)
  4 bats
  12 endoplasms
  11 goblins
  10 hobgoblins
  3 jackals (D:4)
  15 kobolds
  6 quokkas
  6 frilled lizards
  3 rats
201 creatures vanquished.

Vanquished Creatures (collateral kills)
  An adder (D:2)
1 creature vanquished.

Vanquished Creatures (others)
  A plant (D:1)
1 creature vanquished.

Grand Total: 203 creatures vanquished

Notes
Turn   | Place    | Note
-------+----------+-------------------------------------------
     0 | D:1      | dragoon the Djinni Transmuter began the quest for the Orb.
     0 | D:1      | dragoon set off with the following spells memorised:
                  | Beastly Appendage, Wereblood, Spider Form, Ice Form.
     0 | D:1      | Reached XP level 1. HP: 17/17 MP: 0/0
    40 | D:1      | Found Miorilix's Assorted Antiques.
    88 | D:1      | Found Ydghar's Armour Boutique.
   248 | D:1      | Reached XP level 2. HP: 13/22 MP: 0/0
  1282 | D:2      | Reached XP level 3. HP: 15/27 MP: 0/0
  1282 | D:2      | Learned a level 1 spell: Summon Small Mammal
  1865 | D:2      | Reached XP level 4. HP: 12/33 MP: 0/0
  2074 | D:2      | Identified the +1 leather armour "Homynam" {Regen+ Dex+2}
  2263 | D:2      | Found a faded altar of an unknown god.
  2398 | D:2      | Reached skill level 2 in Fighting
  2764 | D:3      | Reached XP level 5. HP: 38/38 MP: 0/0
  2764 | D:3      | Learned a level 2 spell: Static Discharge
  2923 | D:3      | Found a sacrificial altar of Ru.
  3438 | D:4      | Noticed an orc warrior
  3530 | D:4      | Reached XP level 6. HP: 39/45 MP: 0/0
  4142 | D:5      | Entered Level 5 of the Dungeon
  4170 | D:5      | Noticed a water moccasin
  4178 | D:5      | Reached skill level 3 in Fighting
  4182 | D:5      | Killed a water moccasin
  4183 | D:5      | Reached XP level 7. HP: 42/50 MP: 0/0
  4183 | D:5      | Learned a level 2 spell: Passwall
  4194 | D:5      | Noticed Menkaure
  4215 | D:5      | Killed Menkaure
  4368 | D:4      | Reached skill level 5 in Unarmed Combat
  4425 | D:5      | Noticed a yak
  4442 | D:5      | Killed a yak
  4443 | D:5      | Reached skill level 4 in Fighting
  4443 | D:5      | Reached skill level 5 in Dodging
  4443 | D:5      | Reached XP level 8. HP: 58/58 MP: 0/0
  4472 | D:5      | Found a white marble altar of Elyvilon.
  4472 | D:5      | Found a snail-covered altar of Cheibriados.
  4894 | D:6      | Reached skill level 5 in Fighting
  4904 | D:6      | Reached XP level 9. HP: 26/65 MP: 0/0
  4904 | D:6      | Learned a level 3 spell: Stone Arrow
  5078 | D:6      | Reached skill level 6 in Fighting
  5177 | D:6      | Noticed Eustachio
  5199 | D:6      | Killed Eustachio
  5445 | D:6      | Found a sparkling altar of Nemelex Xobeh.
  5446 | D:6      | Found a shimmering altar of Xom.
  5659 | D:7      | Noticed a two-headed ogre
  5756 | D:7      | Found a staircase to the Ecumenical Temple.
  5763 | Temple   | Entered the Ecumenical Temple
  5816 | Temple   | Became a worshipper of the Wu Jian Council
  5929 | D:7      | Reached skill level 7 in Fighting
  5949 | D:7      | Reached skill level 5 in Spellcasting
  5958 | D:7      | Found a glowing silver altar of Zin.
  6269 | D:7      | Found Suohaenu's Fire Supplies.
  6830 | D:8      | Reached XP level 10. HP: 62/76 MP: 0/0
  6922 | D:8      | Noticed Joseph
  6932 | D:8      | Killed Joseph
  6933 | D:8      | Reached skill level 8 in Fighting
  7181 | D:8      | Reached * piety under Wu Jian
  7699 | D:8      | Found a broken altar of Ashenzari.
  8255 | D:9      | Noticed a two-headed ogre
  8266 | D:9      | Killed a two-headed ogre
  8267 | D:9      | Reached skill level 9 in Fighting
  8267 | D:9      | Reached skill level 1 in Throwing
  8267 | D:9      | Reached skill level 1 in Armour
  8458 | D:9      | Noticed a manticore
  8459 | D:9      | Noticed a cyclops
  8517 | D:9      | Found a runed translucent door.
  8517 | D:9      | Found a shimmering altar of Xom.
  8517 | D:9      | Noticed a +2 war axe of chaos
  8517 | D:9      | Noticed greasedhog's ghost (journeyman GrCA)
  8630 | D:9      | Found a staircase to the Orcish Mines.
  8661 | Orc:1    | Entered Level 1 of the Orcish Mines
  8948 | Orc:1    | Reached ** piety under Wu Jian
  9043 | Orc:1    | Noticed an orc knight
  9047 | Orc:1    | Noticed an orc high priest
  9059 | Orc:1    | Reached skill level 1 in Stealth
  9059 | Orc:1    | Reached XP level 11. HP: 37/84 MP: 0/0
  9059 | Orc:1    | Learned a level 5 spell: Silence
  9060 | Orc:1    | HP: 1/126 [orc high priest/+0 trident (11)]
  9062 | Orc:1    | Mangled by a warg

Illustrated notes

Levels and vault maps discovered:
D:1:      lightli_arrival_statuegarden, layout_basic, serial_shops,
          shop_fountains, nicolae_shop_overgrown_old_shop
D:2:      cheibrodos_greedy_goblins, layout_loops_ring,
          nicolae_ecumenical_lake_church
D:3:      layout_loops_cross, mainiacjoe_overflow_brackets
D:4:      layout_basic, nzn_overflow_gifts_of_might_and_magic
D:5:      layout_cave_pools, grunt_temple_overflow_open, st_stairs_6,
          minmay_manual_moon, uniq_menkaure
D:6:      layout_rooms, nicolae_overflow_two_pavilions, uniq_eustachio
D:7:      layout_gridville, nicolae_overflow_hidden_temple,
          mainiacjoe_overflow_alcove_4, minmay_temple_entry_wispy,
          minmay_misc_feat_secret_circle, nicolae_shop_fire_sale
          [nicolae_sub_dead_trees]
D:8:      layout_layer_cave, ashenzari_conservatory_becter, uniq_joseph
D:9:      layout_basic, orc_0_dummy, ebering_ghost_xom, kennysheep_nondescript,
          minivault_28
Temple:   nicolae_temple_godzebo
Orc:1:    nicolae_orc_accident_2, layout_caves

Skill      XL: |  1  2  3  4  5  6  7  8  9 10 11 |
---------------+----------------------------------+-----
Spellcasting   | 2 3 4 5 6 |  6.0
Dodging        | 3 4 5 6 7 8 |  8.6
Fighting       | 2 3 4 5 7 9 |  9.6
Unarmed Combat | 4 5 6 7 8 |  8.3
Throwing       | 1 2 |  2.0
Armour         | 2 |  2.0
Stealth        | 1 |  1.2

Action                   |  1- 3 |  4- 6 |  7- 9 | 10-12 || total
-------------------------+-------+-------+-------+-------++-------
Melee: Unarmed           |    80 |   137 |   250 |   188 ||   655
       Headbutt          |    11 |    29 |    22 |    11 ||    73
Throw: Dart              |       |     6 |     4 |       ||    10
 Cast: Beastly Appendage |    18 |    28 |     8 |     7 ||    61
       Summon Small Mamm |     5 |     3 |    17 |     7 ||    32
       Wereblood         |       |     5 |     7 |    11 ||    23
       Spider Form       |       |       |    18 |     9 ||    27
       Stone Arrow       |       |       |       |     2 ||     2
       Ice Form          |       |       |       |     1 ||     1
Invok: Lunge             |       |       |     1 |     4 ||     5
       Whirlwind         |       |       |       |     1 ||     1
 Abil: Wall Jump         |       |       |       |     1 ||     1
Evoke: Wand              |       |       |       |     1 ||     1
  Use: Potion            |       |     1 |       |     5 ||     6
       Scroll            |       |       |     4 |     2 ||     6
 Stab: Sleeping          |     1 |       |       |       ||     1
       Distracted        |       |       |     1 |       ||     1
Armor: Robe              |     9 |     3 |       |       ||    12
       Leather armour    |       |    20 |    14 |    12 ||    46
       Skin              |       |     4 |    32 |     6 ||    42
Dodge: Dodged            |    31 |    77 |   218 |   214 ||   540
